 Dungeon Crawl Stone Soup version 0.29-a0-565-g7a16c6de65 (webtiles) character file.

Game seed: 8235554714952072812

123 Lekart the Slasher (level 4, 0/40 HPs)
             Began as a Draconian Chaos Knight on June 12, 2022.
             Was a Plaything of Xom.
             Succumbed to a killer bee's poison
             ... on level 3 of the Dungeon.
             The game lasted 00:02:40 (1277 turns).

Lekart the Slasher (Draconian Chaos Knight)         Turns: 1277, Time: 00:02:40

Health: 0/40       AC:  5    Str: 13 (14) XL:     4   Next: 80%
Magic:  4/4        EV: 12    Int: 11 (13) God:    Xom [.*....]
Gold:   78         SH:  0    Dex: 10 (12) Spells: 3/3 levels left

rFire   . . .      SeeInvis .   a - +0 falchion (chaos)
rCold   . . .      Faith    .   (no shield)
rNeg    . . .      Spirit   .   (body armour unavailable)
rPois   .          Reflect  .   (helmet restricted)
rElec   .          Harm     .   (no cloak)
rCorr   .          Rampage  .   (no gloves)
Will    .....                   (no boots)
Stlth   +.........              (no amulet)
HPRegen 0.13/turn               (no ring)
MPRegen 0.09/turn               (no ring)

@: lethally poisoned (0 -> -2), hasted, very quick
A: AC +5, unfitting armour, cold-blooded
a: Renounce Religion


You were on level 3 of the Dungeon.
You worshipped Xom.
You were a plaything of Xom.
You visited 1 branch of the dungeon, and saw 3 of its levels.

You collected 78 gold pieces.

Inventory:

Hand Weapons
 a - a +0 falchion of chaos (weapon)
Scrolls
 e - 3 scrolls of identify {unknown}
 i - a scroll of magic mapping {unknown}
 k - a scroll of amnesia {unknown}
 l - a scroll of noise {unknown}
Miscellaneous
 b - a piece from Xom's chessboard (15/15)


   Skills:
 + Level 4.1 Fighting
 + Level 4.3 Long Blades
 + Level 1.4 Throwing
 + Level 2.5 Dodging


You had 3 spell levels left.
You didn't know any spells.
Your spell library contained the following spells:

 Spells                   Type           Power      Damage    Failure   Level
 Ensorcelled Hibernation  Hex/Ice        0%         N/A       47%         2
 Passwall                 Tmut/Erth      0%         N/A       47%         2
 Swiftness                Air            0%         N/A       71%         3


Dungeon Overview and Level Annotations

Branches:
Dungeon (3/15)

Altars:


Innate Abilities, Weirdness & Mutations

Your plain brown scales are hard. (AC +5)
You cannot fit into any form of body armour.
You are cold-blooded and may be slowed by cold attacks.


Message History

You feel sick. The killer bee stings you.
You are more poisoned.
The killer bee poisons you!
The killer bee stings you but does no damage.
You closely miss the killer bee.
Your tail-slap misses the killer bee.
The killer bee is almost dead.
* * * LOW HITPOINT WARNING * * *
You feel very sick.
The killer bee stings you but does no damage.
You barely miss the killer bee.
The killer bee is almost dead.
* * * LOW HITPOINT WARNING * * *
You feel sick. The killer bee misses you. The killer bee closely misses you.
You miss the killer bee.
The killer bee is almost dead.
* * * LOW HITPOINT WARNING * * *
You feel sick. The killer bee stings you.
* * * LOW HITPOINT WARNING * * *
You miss the killer bee. You tail-slap the killer bee.
You kill the killer bee!
The orc wizard returns to its original shape as it dies.
* * * LOW HITPOINT WARNING * * *
You feel sick.
Your Fighting skill increases to level 4!
It was a potion of magic.
Magic courses through your body.
* * * LOW HITPOINT WARNING * * *
You feel sick.
It was a potion of degeneration.
There was something very wrong with that liquid.
You feel weakened.
You feel dopey.
You feel clumsy.
* * * LOW HITPOINT WARNING * * *
You feel sick.
It was a potion of haste.
You feel yourself speed up.
* * * LOW HITPOINT WARNING * * *
You feel sick.
The air fills with toxic fumes!
As you read the scroll labelled ZEMOHE VOOT, it crumbles to dust.
It was a scroll of poison.
You die...
Xom chortles!

#..#.#..#...#
#..#.#§§#....
#..#.#§§...###
######..#.#§§....
........#.#§§#.#####.#
........#.#§§§...(....
........#.#§§☼..>..#..
...........##○####§###
##.#........#§@☼°§§§§§
#.#...†....#§###§§§##
# #........#§. §#
#.##.#'#.#§# ...
#.#.#.#§#
..........#.#§#
.........##.#§#
.........##.#§
##+#.....##.#


There were no monsters in sight!

Vanquished Creatures
  A killer bee (D:3)
  An orc priest (D:3)
  An adder (D:2)
  A dart slug (D:1)
  An orc (D:3)
  An endoplasm (D:2)
  4 giant cockroaches
  7 goblins
  4 hobgoblins
  2 jackals (D:1)
  3 kobolds
  3 quokkas
  3 ball pythons (D:1)
  A bat (D:1)
  3 frilled lizards
  2 rats (D:2)
38 creatures vanquished.

Notes
Turn   | Place    | Note
-------+----------+-------------------------------------------
     0 | D:1      | Lekart the Draconian Chaos Knight began the quest for the
                  | Orb.
     0 | D:1      | Reached XP level 1. HP: 19/19 MP: 1/1
    72 | D:1      | Reached XP level 2. HP: 26/26 MP: 2/2
   139 | D:1      | XOM: silly message
   625 | D:2      | Reached XP level 3. HP: 33/33 MP: 3/3
   666 | D:2      | XOM: noise
   762 | D:2      | Found a faded altar of an unknown god.
  1115 | D:2      | XOM: divination: detect items
  1130 | D:2      | XOM is BORED!
  1130 | D:2      | XOM: silly message
  1222 | D:3      | XOM: swap monsters
  1223 | D:3      | Reached skill level 1 in Throwing
  1223 | D:3      | Reached XP level 4. HP: 35/40 MP: 4/4
  1258 | D:3      | XOM: polymorph something unseen -> killer bee
  1259 | D:3      | XOM: enchant monster (good)
  1266 | D:3      | XOM: smoke on damage
  1275 | D:3      | HP: 2/40 [poisoned by a killer bee]
  1277 | D:3      | Succumbed to a killer bee's poison

Illustrated notes

Levels and vault maps discovered:
D:1:      scummos_arrival_forest, layout_basic
D:2:      layout_loops_ring, ebering_ecumenical_altar_petrified
D:3:      cheibrodos_old_hovel, layout_basic, minmay_stone_trees_medium,
          uniq_ijyb

Skill      XL: |  1  2  3  4 |
---------------+-------------+-----
Long Blades    | 4 |  4.3
Throwing       | 1 |  1.4
Fighting       | 4 |  4.1
Dodging        | |  2.5

Action                   |  1- 3 |  4- 6 || total
-------------------------+-------+-------++-------
Melee: Falchion          |    33 |    32 ||    65
       Tailslap          |     5 |     3 ||     8
       Punch             |     1 |     1 ||     2
Throw: Dart              |    27 |       ||    27
Evoke: Piece from Xom's  |     1 |       ||     1
  Use: Potion            |       |     7 ||     7
       Scroll            |       |     1 ||     1
Armor: Skin              |     6 |    21 ||    27
Dodge: Dodged            |    16 |    17 ||    33

Table legend: (Time is in decaauts)
 A = Elapsed time spent in this place.
 B = Non-inter-level travel time spent in this place.
 C = Inter-level travel time spent in this place.
 D = Time resting spent in this place.
 E = Time spent auto-exploring this place.
 F = Levels seen in this place.
 G = Mean time per level.
                   A        B        C        D        E       F      G
               +--------+--------+--------+--------+--------+-----+--------+
         Total |   1293 |   1239 |     54 |      0 |    977 |   3 |  431.0 |
       Dungeon |   1293 |   1239 |     54 |      0 |    977 |   3 |  431.0 |
               +--------+--------+--------+--------+--------+-----+--------+

Top non-repeatable levels by time:
     D:2: 634 daAuts
     D:1: 508 daAuts
     D:3: 150 daAuts
